 Dungeon Crawl Stone Soup version 0.24-a0-639-gb70a11d811 (webtiles) character file.

Game seed: 1427647249893879461, levelgen mode: deterministic

510 Johnny the Poker (level 6, -10/52 HPs)
             Began as a Demigod Gladiator on Sept 22, 2019.
             Engulfed by Pikel's flame (23 damage)
             ... on level 5 of the Dungeon.
             The game lasted 00:04:33 (2485 turns).

Johnny the Poker (Demigod Gladiator)                Turns: 2485, Time: 00:04:33

Health: -10/52     AC: 11    Str: 21    XL:     6   Next: 65%
Magic:  8/8        EV:  7    Int: 12    God:
Gold:   162        SH:  0    Dex: 17    Spells: 5/5 levels left

rFire    . . .     SeeInvis .   a - +0 trident
rCold    . . .     Gourm    .   (no shield)
rNeg     . . .     Faith    .   p - +0 plate armour
rPois    .         Spirit   .   (helmet restricted)
rElec    .         Reflect  .   (no cloak)
rCorr    .         Harm     .   (no gloves)
MR       .....                  (no boots)
Stlth    ..........             (no amulet)
HPRegen  0.17/turn              (no ring)
MPRegen  0.11/turn              (no ring)

@: about to teleport
A: beak, horns 1, talons 1, high mp 1
a: no special abilities


You were on level 5 of the Dungeon.
You were hungry.

You visited 1 branch of the dungeon, and saw 4 of its levels.

You collected 162 gold pieces.

Inventory:

Hand Weapons
 a - a +0 trident (weapon)
Missiles
 k - 3 throwing nets (quivered)
Armour
 c - a +0 helmet
 p - a +0 plate armour (worn)
Jewellery
 l - a +3 amulet of reflection {unknown}
 o - an uncursed ring of protection from cold
Wands
 d - a wand of polymorph (4)
Scrolls
 b - 2 scrolls of identify
 e - a scroll of noise
 g - 2 scrolls of magic mapping {unknown}
 h - a scroll of enchant armour {unknown}
 j - a scroll of fear {unknown}
 n - 2 scrolls of fog {unknown}
 q - a scroll of blinking {unknown}
 r - 4 scrolls of teleportation
 s - a scroll of remove curse {unknown}
Potions
 i - a potion of degeneration
 t - a potion of invisibility {unknown}
Comestibles
 f - 11 rations
 u - a chunk of flesh


   Skills:
 + Level 3.7 Fighting
 * Level 5.5 Polearms
 - Level 1.7 Throwing
 + Level 2.8 Armour
 - Level 2.6 Dodging


You had 5 spell levels left.
You didn't know any spells.
Your spell library was empty.

Dungeon Overview and Level Annotations

Branches:
Dungeon (3/15)

Annotations:
D:5 Pikel


Innate Abilities, Weirdness & Mutations

You have an increased reservoir of magic. (+10% MP)
You have a beak for a mouth.
You have a pair of small horns on your head.
You have sharp toenails.


Message History

Okay, then.
Okay, then.
Okay, then.
As you read the scroll labeled SEGIKI VASKE, it crumbles to dust.
It is a scroll of identify.
e - a scroll of noise You are engulfed in blazing flames.
Pikel zaps a wand.
Pikel creates a blast of poison gas!
As you read the scroll labeled SENI GOVIPT, it crumbles to dust.
You feel strangely unstable.
It was a scroll of teleportation.
You are engulfed in blazing flames.
* * * LOW HITPOINT WARNING * * *
Pikel zaps a wand.
Pikel creates a blast of freezing vapour!
You feel better.
You are engulfed in blazing flames.
* * * LOW HITPOINT WARNING * * *
Pikel barely misses you.
Unknown command.
You feel better.
You are engulfed in blazing flames.
You die...

.# ### ##a## # ....
##.... .####... ##....#
#..#.. ##.....# #...#
##......# ##.p# .#
#.......#####.pa# ....
......K..##..p#K# ...#
.......#Kpp..##@## #...##
.....
.....p####..###§§##...>.#
..... ..##..
##.###§§#......##...# .
## #..##§☼§...........#
##........###.....#
#..###....##..>..#
#....### #...........##
#...# ##.##........# #.#.
#..##....#....


You could see Pikel, 2 slaves and a worker ant.

Vanquished Creatures
  Sigmund (D:3)
  A slave (D:5)
  2 vampire bats (D:3)
  A bullfrog zombie (D:5)
  Natasha (thrice) (D:2)
  A worker ant (D:5)
  7 adders
  An ooze (D:3)
  2 worms (D:2)
  A leopard gecko (D:1)
  An orc (D:5)
  2 giant cockroaches (D:3)
  14 goblins
  12 hobgoblins
  A quokka (D:2)
  A ball python (D:2)
  12 bats
  2 frilled lizards
  9 kobolds
  2 rats (D:2)
76 creatures vanquished.

Notes
Turn   | Place    | Note
-------+----------+-------------------------------------------
     0 | D:1      | Johnny the Demigod Gladiator began the quest for the Orb.
     0 | D:1      | Reached XP level 1. HP: 17/17 MP: 3/3
   130 | D:1      | Reached skill level 3 in Polearms
   214 | D:1      | Reached XP level 2. HP: 9/24 MP: 4/4
  1001 | D:2      | Reached XP level 3. HP: 29/29 MP: 5/5
  1023 | D:2      | Noticed Natasha
  1037 | D:2      | Killed Natasha
  1037 | D:2      | Reached skill level 1 in Armour
  1482 | D:2      | Reached XP level 4. HP: 32/37 MP: 6/6
  1486 | D:2      | Noticed Natasha
  1498 | D:2      | Killed Natasha
  1498 | D:2      | Reached skill level 4 in Polearms
  1648 | D:2      | Noticed Natasha
  1664 | D:2      | Killed Natasha
  1851 | D:3      | Noticed Sigmund
  1883 | D:3      | Gained mutation: You have a beak for a mouth. [potion of
                  | mutation]
  1883 | D:3      | Gained mutation: You have a pair of small horns on your
                  | head. [potion of mutation]
  1883 | D:3      | Gained mutation: You have sharp toenails. [potion of
                  | mutation]
  1887 | D:3      | Killed Sigmund
  1887 | D:3      | Reached skill level 5 in Polearms
  1887 | D:3      | Reached XP level 5. HP: 29/45 MP: 7/7
  1887 | D:3      | Reached XP level 6. HP: 32/51 MP: 8/8
  2040 | D:3      | Found a stormy altar of Qazlal.
  2040 | D:3      | Found a shattered altar of Ashenzari.
  2040 | D:3      | Found a shimmering altar of Xom.
  2345 | D:3      | You fall into a shaft and drop 2 floors!
  2345 | D:5      | Entered Level 5 of the Dungeon
  2448 | D:5      | Noticed Pikel
  2485 | D:5      | Engulfed by Pikel's flame

Levels and vault maps discovered:
D:1:      mrwooster_arrival_arrow, layout_basic, hangedman_decor_points
D:2:      cheibrodos_greedy_goblins, layout_loops_ring, first_ration,
          grunt_ministairs_8, uniq_natasha
D:3:      layout_loops_ring, grunt_temple_overflow_cloverleaf, roderic_batcave,
          uniq_sigmund
D:5:      layout_layer_cave, serial_park_tiny_1, minmay_manual_maat, uniq_ijyb,
          uniq_pikel, uniq_edmund

Skill      XL: |  1  2  3  4 |
---------------+-------------+-----
Fighting       | 2 3 |  3.7
Polearms       | 3 5 |  5.5
Armour         | 1 2 |  2.8
Throwing       | |  1.7
Dodging        | |  2.6

Action                   |  1- 3 |  4- 6 || total
-------------------------+-------+-------++-------
Melee: Trident           |   157 |   176 ||   333
       Kick              |       |    25 ||    25
       Peck              |       |    15 ||    15
       Headbutt          |       |    18 ||    18
Throw: Throwing net      |       |     3 ||     3
  Use: Potion            |       |     8 ||     8
       Scroll            |       |     2 ||     2
  Eat: Chunk             |     1 |     4 ||     5
Armor: Scale mail        |    13 |       ||    13
       Leather armour    |     6 |       ||     6
       Plate armour      |    46 |    89 ||   135
       Skin              |       |    15 ||    15
Dodge: Dodged            |    60 |    62 ||   122

Table legend:
 A = Non-vault XP
 B = Vault XP
 C = Vault XP percentage of total XP
 D = Non-vault monster count
 E = Vault monster count
 F = Vault count percentage of total count
                 A         B        C        D         E       F
            +---------+---------+-------+---------+---------+-------
      Total |     327 |     402 |  55.1 |      55 |      20 |  26.7
            +---------+---------+-------+---------+---------+-------
        D:1 |      24 |       0 |   0.0 |      14 |       0 |   0.0
        D:2 |     135 |      58 |  30.1 |      19 |      11 |  36.7
        D:3 |      85 |     344 |  80.2 |      19 |       9 |  32.1
        D:5 |      83 |       0 |   0.0 |       3 |       0 |   0.0
            +---------+---------+-------+---------+---------+-------
